[Event "Titled Tuesday Blitz July 05 Early 2022"]
[White "Zhou, Liran"]
[Black "Martins, Bruno Andre Leite"]
[WhiteFideId "30931967"]
[BlackFideId "1942255"]
[WhiteElo "2758"]
[BlackElo "2282"]
[Result "1-0"]
[Round "05"]
[TimeControl "180+1"]
[Date "2022.07.05"]
[WhiteClock "0:00:12"]
[BlackClock "0:00:08"]

1. e4 e5 2. Nf3 Nc6 3. Bb5 g6 4. O-O Bg7 5. c3 Nge7 6. d4 a6 7. Ba4 O-O 8. Re1 d6 9. h3 Bd7 10. Be3 h6 11. Nbd2 Qe8 12. Bb3 Kh7 13. Qc2 Na5 14. dxe5 dxe5 15. Nc4 Nxb3 16. axb3 Nc6 17. Bc5 Rg8 18. Ne3 b6 19. Ba3 Be6 20. Nd5 Qc8 21. Rad1 g5 22. g4 Bxg4 23. Nxg5+ hxg5 24. hxg4 Qxg4+ 25. Kf1 Rh8 26. Ne3 Qf3 27. Nf5 Kg6 28. Ng3 Rh2 29. Re3 Qg2+ 30. Ke1 g4 31. Nf1 Rh1 32. Ke2 Bh6 33. Rg3 1-0


[Site "https://www.chess.com"]

[Event "Titled Tuesday Blitz July 05 Early 2022"]
[White "Andreikin, Dmitry"]
[Black "Vasquez Schroeder, Rodrigo"]
[WhiteFideId "4158814"]
[BlackFideId "3400042"]
[WhiteElo "2736"]
[BlackElo "2567"]
[Result "1-0"]
[Round "06"]
[TimeControl "180+1"]
[Date "2022.07.05"]
[WhiteClock "0:01:21"]
[BlackClock "0:01:17"]

1. d4 Nf6 2. c4 g6 3. Nc3 Bg7 4. e4 d6 5. Be2 O-O 6. Bg5 c5 7. d5 h6 8. Be3 e6 9. Qd2 exd5 10. exd5 Kh7 11. Nf3 Bg4 12. O-O a6 13. Rfe1 Nbd7 14. Bf4 Qc7 15. h3 Bxf3 16. Bxf3 Rfe8 17. g3 Nb6 18. b3 Nfd7 19. h4 Ne5 20. Kg2 Nxf3 21. Kxf3 Nd7 22. Kg2 Ne5 23. a4 f5 24. Qc2 Qf7 25. Re2 Re7 26. Rae1 Rae8 27. Nd1 Qf6 28. Ne3 Nf7 29. h5 g5 30. Ng4 1-0


[Site "https://www.chess.com"]

[Event "Titled Tuesday Blitz July 05 Early 2022"]
[White "Averjanov, Alexey"]
[Black "Jobava, Baadur"]
[WhiteFideId "14109867"]
[BlackFideId "13601520"]
[WhiteElo "2731"]
[BlackElo "2617"]
[Result "0-1"]
[Round "06"]
[TimeControl "180+1"]
[Date "2022.07.05"]
[WhiteClock "0:00:16"]
[BlackClock "0:00:45"]

1. d4 c6 2. c4 d5 3. e3 Nf6 4. Bd3 e5 5. Nc3 exd4 6. exd4 dxc4 7. Bxc4 Bd6 8. Nf3 O-O 9. O-O h6 10. Ne5 Nbd7 11. Re1 Qc7 12. Bf4 Nb6 13. Bd3 Be6 14. Qf3 Nbd5 15. Bg3 Rae8 16. Rad1 Re7 17. Bh4 Ree8 18. h3 Bc8 19. Ne4 Nxe4 20. Qxe4 f5 21. Qf3 Bxe5 22. dxe5 Rxe5 23. Bc4 Be6 24. Bg3 f4 25. Bh2 g5 26. Qh5 Kg7 27. h4 Nf6 28. Rxe5 Nxh5 29. Rxe6 Nf6 30. Rde1 Qd8 31. Re7+ Kg6 32. Bb3 Qd3 33. Rd1 Qf5 34. Be6 Qc5 35. Rxb7 Ne4 36. Rf1 Rd8 37. Bf7+ Kf6 38. b4 Qe5 39. Bh5 Rd2 40. Rf7+ Ke6 41. Rf8 Qd4 42. Rd8 Qxd8 0-1


[Site "https://www.chess.com"]

[Event "Titled Tuesday Blitz July 05 Early 2022"]
[White "Bortnyk, Olexandr"]
[Black "Jones, Gawain C B"]
[WhiteFideId "14120828"]
[BlackFideId "409561"]
[WhiteElo "2723"]
[BlackElo "2657"]
[Result "1-0"]
[Round "06"]
[TimeControl "180+1"]
[Date "2022.07.05"]
[WhiteClock "0:00:08"]
[BlackClock "0:00:53"]

1. d4 Nf6 2. Nc3 d5 3. Bf4 g6 4. e3 Bg7 5. h4 h5 6. Nb5 Na6 7. Nf3 O-O 8. Ne5 c6 9. Nc3 Nb8 10. Be2 Nbd7 11. Nd3 Ne4 12. g4 Nxc3 13. bxc3 hxg4 14. Bxg4 Qa5 15. h5 Qxc3+ 16. Kf1 Nf6 17. Bxc8 Raxc8 18. Kg2 Nxh5 19. Rxh5 gxh5 20. Rc1 c5 21. Qxh5 Rc6 22. Rh1 Rd8 23. Ne5 Rf6 24. Bg5 Rxf2+ 25. Kxf2 Qxc2+ 26. Kg3 Qf5 27. Bxe7 Bxe5+ 28. dxe5 1-0


[Site "https://www.chess.com"]

[Event "Titled Tuesday Blitz July 05 Early 2022"]
[White "Cherniaiev, Tykhon"]
[Black "Khripachenko, Alexander"]
[WhiteFideId "14182360"]
[BlackFideId "54184975"]
[WhiteElo "2263"]
[BlackElo "2147"]
[Result "1/2-1/2"]
[Round "06"]
[TimeControl "180+1"]
[Date "2022.07.05"]
[WhiteClock "0:00:08"]
[BlackClock "0:00:16"]

1. Nf3 Nf6 2. d4 d5 3. c4 e6 4. g3 dxc4 5. Bg2 a6 6. O-O Nc6 7. Qc2 b5 8. a4 Nb4 9. Qd1 Bb7 10. Nc3 Nbd5 11. axb5 Nxc3 12. bxc3 axb5 13. Rb1 Ra5 14. Bf4 Bd6 15. Bxd6 cxd6 16. Rb2 O-O 17. Qb1 Qd7 18. Nd2 Bxg2 19. Kxg2 Nd5 20. Rc1 Ra3 21. Rxb5 Nxc3 22. Rxc3 Rxc3 23. Qb2 Rc2 24. Qxc2 Qxb5 25. Qxc4 Qb7+ 26. Nf3 Rc8 27. Qd3 h6 28. h4 Qd5 29. Qa6 Qc6 30. Qa7 Rc7 31. Qb8+ Rc8 32. Qa7 Qc7 33. Qa6 Rb8 34. Qa3 g6 35. h5 g5 36. d5 Qc5 37. Qxc5 dxc5 38. dxe6 fxe6 39. Ne5 Rb2 40. Kf3 Kg7 41. g4 Rd2 42. Ke3 Rd4 43. f3 Kf6 44. Nd3 Rc4 45. Nb2 Rc2 46. Nd3 c4 47. Nf2 Ra2 48. Kd4 Rxe2 49. Ne4+ Rxe4+ 50. fxe4 c3 51. e5+ Ke7 52. Kxc3 Kd7 53. Kb4 Kc6 54. Kc4 Kb6 55. Kb4 Kc6 56. Kc4 Kb6 57. Kb4 Kc6 1/2-1/2


[Site "https://www.chess.com"]

[Event "Titled Tuesday Blitz July 05 Early 2022"]
[White "Corrales Jimenez, Fidel"]
[Black "Preotu, Razvan"]
[WhiteFideId "3506690"]
[BlackFideId "2613280"]
[WhiteElo "2541"]
[BlackElo "2407"]
[Result "0-1"]
[Round "06"]
[TimeControl "180+1"]
[Date "2022.07.05"]
[WhiteClock "0:00:01"]
[BlackClock "0:00:02"]

1. d4 Nf6 2. c4 g6 3. Nc3 d5 4. cxd5 Nxd5 5. e4 Nxc3 6. bxc3 Bg7 7. Be3 c5 8. Qd2 cxd4 9. cxd4 Nc6 10. Nf3 Bg4 11. Rd1 O-O 12. Be2 Bxf3 13. Bxf3 Na5 14. O-O Nc4 15. Qe2 Nxe3 16. fxe3 e5 17. d5 h5 18. d6 Qb6 19. Rd3 Rfd8 20. d7 Qc5 21. Rd5 Qc3 22. Rfd1 Bh6 23. R5d3 Qc5 24. Kh1 b5 25. Rd5 Qxe3 26. Qc2 h4 27. h3 Qf4 28. R5d3 b4 29. Rf1 a5 30. Qe2 Qg5 31. Bg4 Qe7 32. Rd5 Bf4 33. Rfd1 a4 34. Qc4 Rab8 35. Rd6 Kg7 36. R6d3 Qg5 37. Qa6 b3 38. Qxa4 b2 39. Rb3 Bc1 40. Rxb8 Rxb8 41. Qc4 b1=Q 42. Rf1 Bf4 43. Qe2 Qb2 44. Qf3 Qe7 45. Qd1 Qd2 0-1


[Site "https://www.chess.com"]

[Event "Titled Tuesday Blitz July 05 Early 2022"]
[White "Domingo Nunez, Ruben"]
[Black "Sjugirov, Sanan"]
[WhiteFideId "22245570"]
[BlackFideId "4189302"]
[WhiteElo "2373"]
[BlackElo "2609"]
[Result "0-1"]
[Round "06"]
[TimeControl "180+1"]
[Date "2022.07.05"]
[WhiteClock "0:00:10"]
[BlackClock "0:01:03"]

1. c4 c6 2. b3 d5 3. Bb2 Nf6 4. Nf3 Bg4 5. e3 e6 6. Be2 Nbd7 7. O-O Bd6 8. Nc3 O-O 9. Rc1 Qe7 10. Qc2 Rac8 11. h3 Bf5 12. Bd3 Bxd3 13. Qxd3 a6 14. Qe2 Bb8 15. e4 dxc4 16. e5 Nd5 17. bxc4 Nf4 18. Qe4 Ng6 19. Rfe1 Ndxe5 20. Nxe5 Bxe5 21. d4 Bf4 22. Rcd1 Qb4 23. Qe2 Rfd8 24. Ba1 b5 25. g3 Bb8 26. d5 cxd5 27. cxd5 e5 28. Ne4 Qe7 29. Qg4 Rc4 30. h4 Qd7 31. Qh5 f6 32. Qf3 Bd6 33. h5 Ne7 34. h6 Qf5 35. Qh1 Bb4 36. d6 Ng6 37. Re3 Qg4 38. f3 Qe6 39. hxg7 Kxg7 40. Red3 Bc5+ 41. Kg2 Rc2+ 42. R1d2 Rxd2+ 43. Rxd2 Bb4 44. Rc2 Bxd6 45. Rc6 Qxa2+ 46. Kh3 Be7 47. Kg4 Qd5 48. Nxf6 Bxf6 49. Rxf6 Kxf6 50. f4 Qxh1 0-1


[Site "https://www.chess.com"]

[Event "Titled Tuesday Blitz July 05 Early 2022"]
[White "Dubov, Daniil"]
[Black "Niemann, Hans Moke"]
[WhiteFideId "24126055"]
[BlackFideId "2093596"]
[WhiteElo "2791"]
[BlackElo "2632"]
[Result "1/2-1/2"]
[Round "06"]
[TimeControl "180+1"]
[Date "2022.07.05"]
[WhiteClock "0:00:06"]
[BlackClock "0:00:05"]

1. c4 e5 2. Nc3 Nf6 3. Nf3 Nc6 4. g3 d5 5. cxd5 Nxd5 6. Bg2 Bc5 7. O-O O-O 8. d3 Nxc3 9. bxc3 Bb6 10. Bb2 Re8 11. d4 e4 12. Nd2 f5 13. e3 Be6 14. c4 Bf7 15. a3 a6 16. Rc1 Qd7 17. Kh1 Rad8 18. Qe2 Ba7 19. f3 exf3 20. Qxf3 Ne5 21. Qxb7 Rb8 22. Qxa7 Rxb2 23. dxe5 Qxd2 24. Rg1 Rxe5 25. Rcd1 Qxe3 26. Rd8+ Be8 27. Qa8 h6 28. Bc6 Re2 29. Bxe8 Rxe8 30. Qd5+ Kh8 31. Rxe8+ Qxe8 32. Qxf5 Re5 33. Qf3 Re3 34. Qd5 Rxa3 35. Rf1 Re3 36. Rf2 Qe4+ 37. Qxe4 Rxe4 38. Rf8+ Kh7 39. Ra8 Re6 40. Ra7 Rc6 41. Kg2 Kg6 42. Kf3 Kf5 43. Ke3 Ke5 44. Kd3 Kf5 45. Kd4 Kg4 46. c5 Kh3 47. Kd5 Rg6 48. Rxc7 Kxh2 49. c6 Rxg3 50. Re7 Rc3 51. Re4 g5 52. Rc4 Rd3+ 53. Ke6 Rd8 54. c7 Rc8 55. Kd7 Rh8 56. c8=Q Rxc8 57. Rxc8 g4 58. Rg8 g3 59. Rh8 g2 60. Rxh6+ Kg3 61. Rg6+ Kf2 62. Kc6 g1=Q 63. Rxg1 Kxg1 64. Kb6 a5 65. Kxa5 1/2-1/2


[Site "https://www.chess.com"]

[Event "Titled Tuesday Blitz July 05 Early 2022"]
[White "Fedoseev, Vladimir"]
[Black "Tari, Aryan"]
[WhiteFideId "24130737"]
[BlackFideId "1510045"]
[WhiteElo "2726"]
[BlackElo "2612"]
[Result "0-1"]
[Round "06"]
[TimeControl "180+1"]
[Date "2022.07.05"]
[WhiteClock "0:00:04"]
[BlackClock "0:00:13"]

1. d4 d5 2. c4 e6 3. Nf3 Nf6 4. Bg5 Be7 5. e3 O-O 6. cxd5 Nxd5 7. Bxe7 Qxe7 8. Bd3 c5 9. Nc3 cxd4 10. Nxd5 exd5 11. Nxd4 Nc6 12. Nxc6 bxc6 13. O-O Rb8 14. Qc2 h6 15. Rfc1 Bd7 16. b3 Qb4 17. Rab1 a5 18. h3 Rfc8 19. Qd1 c5 20. Ba6 Rd8 21. Qc2 Qb6 22. Be2 Rdc8 23. Bf3 Be6 24. Rd1 d4 25. exd4 cxd4 26. Qd3 Rd8 27. Rbc1 Qb4 28. Bc6 Rbc8 29. Rc2 g6 30. g4 Qd6 31. Rdc1 Qf4 32. Bg2 Rxc2 33. Rxc2 h5 34. gxh5 Bf5 35. Qd2 Qh4 36. Rc5 Qxh5 37. Qxa5 Qh4 38. Rd5 Re8 39. Qd2 d3 40. Bf1 Be4 41. Rd4 Re5 42. f4 Qg3+ 43. Bg2 Bxg2 44. fxe5 Bf3+ 45. Kf1 Be2+ 46. Qxe2 dxe2+ 47. Kxe2 Qxe5+ 48. Kd3 Qg3+ 49. Kc4 Qxh3 50. a4 Qf1+ 51. Kb4 Qe1+ 52. Kc4 Qe2+ 53. Kb4 Qe7+ 54. Kc4 Qc7+ 55. Kb5 Qb7+ 56. Kc4 Qc6+ 57. Kb4 Qb6+ 58. Kc4 g5 59. b4 Qc6+ 60. Kb3 Qf3+ 61. Kc4 g4 62. b5 g3 0-1


[Site "https://www.chess.com"]

[Event "Titled Tuesday Blitz July 05 Early 2022"]
[White "Florescu, Codrut-Constantin"]
[Black "Meshkovs, Nikita"]
[WhiteFideId "1202200"]
[BlackFideId "11602740"]
[WhiteElo "2191"]
[BlackElo "2506"]
[Result "1-0"]
[Round "06"]
[TimeControl "180+1"]
[Date "2022.07.05"]
[WhiteClock "0:00:13"]
[BlackClock "0:00:05"]

1. d4 Nf6 2. Nf3 e6 3. c4 b6 4. g3 Bb7 5. Bg2 Bb4+ 6. Nbd2 O-O 7. O-O Re8 8. b3 d5 9. Bb2 Nbd7 10. cxd5 exd5 11. Ne5 Bd6 12. Ndf3 c5 13. Nxd7 Nxd7 14. dxc5 bxc5 15. Re1 Rc8 16. Rc1 Nb6 17. Qd2 Qe7 18. Nh4 g6 19. e3 Qd7 20. Nf3 Be7 21. Red1 Qe6 22. Qa5 a6 23. h4 h6 24. Qc3 f6 25. Qd2 Kh7 26. Qd3 f5 27. h5 g5 28. Bh3 Rf8 29. Qc3 Rf7 30. Ne5 Bf6 31. f4 g4 32. Bg2 Rfc7 33. Qd3 Kg7 34. Rc2 c4 35. Qd2 cxb3 36. Rxc7+ Rxc7 37. axb3 Nd7 38. Nxd7 Rxd7 39. Bd4 Re7 40. Qc3 Kf7 41. Kf2 Bxd4 42. Qxd4 Rd7 43. Rd3 Qf6 44. Qc5 Qe6 45. Rd4 Re7 46. Bxd5 Bxd5 47. Qxd5 Kf6 48. Qxe6+ Rxe6 49. Rb4 Rc6 50. e4 Rc2+ 51. Ke3 Rc3+ 52. Kd4 Rxg3 53. e5+ Ke7 54. Rb7+ Kd8 55. Rb6 Rf3 56. e6 Rxf4+ 57. Ke5 Re4+ 58. Kf6 g3 59. Kxf5 g2 60. Rb8+ Ke7 61. Rg8 Rxe6 62. Rg7+ Kd6 63. Rxg2 Re1 64. Rg6+ Kd5 65. Rxh6 Rf1+ 66. Kg5 Rg1+ 67. Kf6 Rb1 68. Kg7 Rxb3 69. Rxa6 Rg3+ 70. Rg6 Rh3 71. h6 Ke5 72. h7 Kf5 73. Rh6 Rg3+ 74. Kf7 Rb3 75. h8=Q Rb7+ 76. Kg8 Rb8+ 77. Kh7 Rb7+ 78. Qg7 Rxg7+ 79. Kxg7 1-0


[Site "https://www.chess.com"]

[Event "Titled Tuesday Blitz July 05 Early 2022"]
[White "Grandelius, Nils"]
[Black "Barp, Alberto"]
[WhiteFideId "1710400"]
[BlackFideId "872555"]
[WhiteElo "2617"]
[BlackElo "2229"]
[Result "0-1"]
[Round "06"]
[TimeControl "180+1"]
[Date "2022.07.05"]
[WhiteClock "0:00:05"]
[BlackClock "0:00:13"]

1. g3 d5 2. Nf3 Nf6 3. Bg2 e6 4. O-O c5 5. c4 Nc6 6. cxd5 exd5 7. d4 Be7 8. dxc5 Bxc5 9. a3 a5 10. Nc3 O-O 11. Bg5 d4 12. Bxf6 Qxf6 13. Nd5 Qd8 14. Nd2 Re8 15. Rc1 Bf8 16. Re1 Be6 17. Nf4 Bf5 18. Qb3 Rb8 19. Nd3 h5 20. Qb5 g6 21. Nc4 Bh6 22. Rcd1 h4 23. Qd5 Qf6 24. Qf3 Qe6 25. Qd5 Qf6 26. Qf3 Qe6 27. b3 Rbc8 28. gxh4 a4 29. Nb6 Ne5 30. Nxe5 Qxb6 31. Ng4 Bxg4 32. Qxg4 axb3 33. h5 b2 34. hxg6 Qxg6 35. Qxg6+ fxg6 36. Rb1 Rc1 37. Bd5+ Kg7 38. Kg2 Rxe1 39. Rxe1 Rxe2 40. Rb1 Be3 41. Kf3 Rxf2+ 42. Ke4 b6 43. h3 Kf6 44. Ba2 Rf4+ 45. Kd3 Bc1 46. Kc4 Ke5 47. Bb3 Rf3 48. Bd1 Rc3+ 49. Kb5 Rd3 50. Bc2 Rxa3 51. Bxg6 d3 52. h4 d2 53. Bc2 Ra1 54. Rxb2 Bxb2 55. h5 d1=Q 56. Bxd1 Rxd1 57. h6 Rh1 58. Kc4 Rxh6 59. Kb3 Rd6 0-1


[Site "https://www.chess.com"]

[Event "Titled Tuesday Blitz July 05 Early 2022"]
[White "Hakobyan, Aram"]
[Black "Zhou, Liran"]
[WhiteFideId "13306677"]
[BlackFideId "30931967"]
[WhiteElo "2557"]
[BlackElo "2762"]
[Result "0-1"]
[Round "06"]
[TimeControl "180+1"]
[Date "2022.07.05"]
[WhiteClock "0:00:02"]
[BlackClock "0:00:02"]

1. e4 c5 2. Nc3 d6 3. f4 Nc6 4. Nf3 g6 5. Bc4 Bg7 6. d3 e6 7. f5 Nge7 8. fxe6 Bxe6 9. O-O O-O 10. Qe1 Nd4 11. Qh4 d5 12. exd5 Nxd5 13. Bg5 Qd7 14. Ne4 Nxf3+ 15. Rxf3 Bd4+ 16. Kh1 f5 17. Bh6 fxe4 18. Rxf8+ Rxf8 19. Bxf8 Kxf8 20. Rf1+ Kg7 21. Qxe4 Bf7 22. h3 Nf6 23. Qf3 Bxc4 24. dxc4 Qc6 25. Qf4 Bxb2 26. Re1 Kf7 27. Qb8 Bc3 28. Re2 Qd7 29. Rf2 Qe7 30. Qf4 Qe1+ 31. Rf1 Qe5 32. Qf3 Bd4 33. Qxb7+ Qe7 34. Qf3 Qe5 35. Qb7+ Qe7 36. Qd5+ Qe6 37. Qf3 Qxc4 38. Qb7+ Kg8 39. Re1 Qc3 40. Rb1 Qd2 41. Qc7 Qe3 42. Rb8+ Ne8 43. Qd7 Qg1# 0-1


[Site "https://www.chess.com"]

[Event "Titled Tuesday Blitz July 05 Early 2022"]
[White "Hansen, Eric"]
[Black "Kovalev, Vladislav"]
[WhiteFideId "2606771"]
[BlackFideId "13504398"]
[WhiteElo "2568"]
[BlackElo "2530"]
[Result "0-1"]
[Round "06"]
[TimeControl "180+1"]
[Date "2022.07.05"]
[WhiteClock "0:00:02"]
[BlackClock "0:00:08"]

1. e4 e5 2. Nf3 Nc6 3. Bb5 a6 4. Ba4 Nf6 5. O-O Be7 6. Re1 b5 7. Bb3 d6 8. c3 O-O 9. h3 Nb8 10. d4 Nbd7 11. Nbd2 c5 12. Nf1 Re8 13. Ng3 Bf8 14. d5 c4 15. Bc2 Qc7 16. a4 Bb7 17. Be3 Reb8 18. axb5 axb5 19. Qd2 Bc8 20. Nh4 Nc5 21. Bg5 Ne8 22. Rxa8 Rxa8 23. Nhf5 f6 24. Be3 g6 25. Nh6+ Kh8 26. Qe2 Ra2 27. Bb1 Ra1 28. Ng4 Qe7 29. Rf1 Bg7 30. Nh2 Qf8 31. f4 exf4 32. Bxf4 Bh6 33. Bxh6 Qxh6 34. Qf2 Qg7 35. Nf3 Qe7 36. Re1 Bd7 37. Nd4 Kg8 38. Nf3 Nc7 39. Bc2 Rxe1+ 40. Nxe1 Be8 41. Nf3 Bd7 42. Qd4 Ne8 43. Qd1 Qd8 44. Qa1 Qb6 45. Kh1 Nc7 46. Qc1 Kg7 47. Nd4 Ne8 48. Qa1 Qa6 49. Qxa6 Nxa6 50. Kg1 Nc5 51. Kf2 Kf8 52. Ke3 Ke7 53. Nf3 Nc7 54. Kd4 Na8 55. Nf1 Nb6 56. Ne3 Bc8 57. Nd2 Ba6 58. b4 Ncd7 59. Ng4 Ne5 60. Nf2 Nbd7 61. Ke3 Nf8 62. Nf3 Bc8 63. Nd4 Bd7 64. Bd1 h5 65. Be2 Nh7 66. Nd1 Ng5 67. Nf2 Nh7 68. Nd1 h4 69. Nf2 f5 70. exf5 gxf5 71. Nf3 Nxf3 72. Bxf3 Ng5 73. Kf4 Kf6 74. Nd1 Nf7 75. Ne3 Ne5 76. Be2 Ng6+ 77. Kf3 Ke5 78. Bd1 Bc8 79. Bc2 Ne7 80. Bb1 Bb7 81. Bc2 Nxd5 82. Nxd5 Bxd5+ 83. Kf2 f4 84. Bd1 Be4 85. Be2 d5 86. Bg4 d4 87. cxd4+ Kxd4 88. Ke2 Kc3 89. Bf3 Bd3+ 0-1


[Site "https://www.chess.com"]

[Event "Titled Tuesday Blitz July 05 Early 2022"]
[White "Hansen, Sune Berg"]
[Black "Zhigalko, Sergei"]
[WhiteFideId "1400266"]
[BlackFideId "13502956"]
[WhiteElo "2657"]
[BlackElo "2662"]
[Result "0-1"]
[Round "06"]
[TimeControl "180+1"]
[Date "2022.07.05"]
[WhiteClock "0:00:05"]
[BlackClock "0:00:05"]

1. Nf3 d5 2. g3 c6 3. Bg2 Bg4 4. O-O Nd7 5. h3 Bh5 6. d4 e6 7. c4 Ngf6 8. Nc3 Be7 9. cxd5 exd5 10. Ne5 Nxe5 11. dxe5 Nd7 12. f4 f5 13. g4 Bg6 14. Be3 O-O 15. Qb3 Nc5 16. Qd1 Ne6 17. Nxd5 cxd5 18. Qxd5 Bf7 19. gxf5 Nxf4 20. Qxd8 Nxe2+ 21. Kf2 Raxd8 22. Rfd1 Bh5 23. Rxd8 Bxd8 24. Be4 Bh4+ 25. Kg2 Ng3 26. Bd5+ Kh8 27. f6 Nf5 28. Bc5 Rc8 29. f7 Bxf7 30. Bxf7 Rxc5 31. Rd1 g6 32. e6 Rc2+ 33. Kf3 Rxb2 34. Rd7 Rxa2 35. Kg4 Ra4+ 36. Kf3 Ra3+ 37. Kf4 b6 38. Rb7 Nd6 39. Rd7 Ra4+ 40. Ke5 Nc4+ 41. Kd5 Ne3+ 42. Kc6 Rc4+ 43. Kb7 Nf5 44. Kxa7 Rd4 45. Rc7 b5 46. Kb6 b4 47. Kc5 Rd1 48. Kb5 b3 49. e7 Bxe7 50. Bxb3 Rd8 51. Be6 Bg5 52. Bxf5 gxf5 53. Rf7 f4 54. Rf5 Bh6 55. h4 Rf8 56. Rh5 f3 0-1


[Site "https://www.chess.com"]

[Event "Titled Tuesday Blitz July 05 Early 2022"]
[White "Kamsky, Gata"]
[Black "Nakamura, Hikaru"]
[WhiteFideId "2000024"]
[BlackFideId "2016192"]
[WhiteElo "2645"]
[BlackElo "2850"]
[Result "1/2-1/2"]
[Round "06"]
[TimeControl "180+1"]
[Date "2022.07.05"]
[WhiteClock "0:01:15"]
[BlackClock "0:00:34"]

1. d4 f5 2. Nc3 d5 3. Bf4 e6 4. e3 Bd6 5. Nf3 a6 6. Bd3 Nf6 7. Ne2 O-O 8. c4 Bb4+ 9. Nc3 c6 10. a3 Bd6 11. Bxd6 Qxd6 12. c5 Qc7 13. Ne5 Nbd7 14. Nxd7 Bxd7 15. f4 Rae8 16. Qd2 Kh8 17. O-O-O Re7 18. g3 Be8 19. Rdf1 Rg8 20. h4 b5 21. cxb6 Qxb6 22. Na4 Qa7 23. Kb1 Bh5 24. Ka1 a5 25. Rf2 Ra8 26. Rc1 Rc7 27. Qe1 Be8 28. Rfc2 Bd7 29. Qc3 Ng4 30. Qe1 Nf6 31. Qc3 Ng4 32. Qe1 Nf6 1/2-1/2


[Site "https://www.chess.com"]

[Event "Titled Tuesday Blitz July 05 Early 2022"]
[White "Kucuksari, Kaan"]
[Black "Pakleza, Zbigniew"]
[WhiteFideId "6380166"]
[BlackFideId "1119290"]
[WhiteElo "2305"]
[BlackElo "2467"]
[Result "0-1"]
[Round "06"]
[TimeControl "180+1"]
[Date "2022.07.05"]
[WhiteClock "0:00:03"]
[BlackClock "0:00:09"]

1. d4 d6 2. Nf3 Bg4 3. c4 c6 4. Qb3 Qb6 5. Nc3 Nf6 6. e4 Bxf3 7. gxf3 e5 8. Be3 exd4 9. Bxd4 Qxd4 10. Qxb7 Qb6 11. Qxa8 Qxb2 12. Rb1 Qxc3+ 13. Kd1 Qxf3+ 14. Be2 Qxh1+ 15. Kc2 Qxb1+ 16. Kxb1 Nd7 17. Bg4 Be7 18. Qxa7 Bd8 19. f4 h5 20. Bf5 Bb6 21. Qb7 Ke7 22. a4 g6 23. Bh3 Rd8 24. Kc2 Ke8 25. Bxd7+ Nxd7 26. Qxc6 Ke7 27. Qb5 Ra8 28. Qg5+ Ke8 29. Qb5 Ra5 30. Qc6 Rc5 31. Qa8+ Ke7 32. Kd3 Rc7 33. Qd5 Ra7 34. Qc6 Rxa4 35. e5 Ra3+ 36. Ke4 dxe5 37. fxe5 Bc5 38. Kf4 Rc3 39. Qd5 Rc1 40. Qd2 Rxc4+ 41. Kg3 Rd4 42. Qg5+ Ke6 43. Kh3 Rd3+ 44. Kg2 Rd4 45. Qh6 Kxe5 46. Qh8+ Ke6 47. Qe8+ Kd6 48. Qa8 Rd2+ 49. Kf3 Rd5 50. Qa6+ Ke5 51. Qa8 Rd3+ 52. Ke2 Rd4 53. Qe8+ Kf6 54. Qh8+ Ke7 55. Qa8 Rd6 56. Qa4 Re6+ 57. Kf3 Bd6 58. Kg2 Nc5 59. Qa7+ Kf6 60. h3 Nd3 61. Qd4+ Ne5 62. Kg3 Ke7 63. Kg2 g5 64. Qa7+ Kf6 65. Qd4 g4 66. h4 Ke7 67. Qa7+ Kf6 68. Qf2+ Nf3 69. Qb2+ Be5 70. Qc1 Nxh4+ 71. Kh1 Ng6 72. Qh6 h4 73. Qh5 g3 74. Qg4 Bf4 75. Kg2 Bg5 76. Qf3+ Nf4+ 77. Kf1 g2+ 78. Kf2 Re2+ 79. Qxe2 Nxe2 80. Kxg2 Nf4+ 0-1


[Site "https://www.chess.com"]

[Event "Titled Tuesday Blitz July 05 Early 2022"]
[White "Lashkin, Jegor"]
[Black "Kozlov, Oleg"]
[WhiteFideId "13907808"]
[BlackFideId "4104544"]
[WhiteElo "2368"]
[BlackElo "2132"]
[Result "1-0"]
[Round "06"]
[TimeControl "180+1"]
[Date "2022.07.05"]
[WhiteClock "0:00:05"]
[BlackClock "0:00:02"]

1. d4 f5 2. g3 Nf6 3. Bg2 g6 4. c4 Bg7 5. Nc3 O-O 6. Nf3 d6 7. O-O Qe8 8. d5 Na6 9. Be3 Bd7 10. Bd4 c6 11. Qd2 Nc7 12. Rfe1 c5 13. Be3 b5 14. Qc2 bxc4 15. Nd2 Qf7 16. Nxc4 Nfxd5 17. Nxd5 Nxd5 18. Bg5 Nb4 19. Qc1 Rab8 20. Bd2 Be6 21. Na5 Nxa2 22. Qd1 Bxb2 23. Nc6 Bxa1 24. Nxb8 Bg7 25. Nc6 Bb3 26. Qb1 c4 27. Bg5 e6 28. Be7 Nc3 29. Qc1 d5 30. Bxf8 Qxf8 31. Qe3 Qd6 32. Nd4 Qe5 33. Qxc3 Qxd4 34. Qa5 Qb6 35. Qa3 Bf8 36. Qa1 d4 37. Rc1 c3 38. e3 e5 39. exd4 exd4 40. Bf1 a5 41. Bd3 a4 42. Re1 c2 43. Qc1 Bb4 44. Re8+ Kf7 45. Rc8 Qe6 46. Bxc2 Bc4 47. Rc7+ Kf6 48. Bxf5 gxf5 49. Rxc4 Bc3 50. Rxa4 Qb3 51. Ra6+ Kf7 52. Qh6 Qb1+ 53. Kg2 Qe4+ 54. Kh3 Qg4+ 55. Kg2 Qe4+ 56. f3 Qe2+ 57. Kh3 Qf1+ 58. Kh4 1-0


[Site "https://www.chess.com"]

[Event "Titled Tuesday Blitz July 05 Early 2022"]
[White "Lazavik, Denis"]
[Black "Kosteniuk, Alexandra"]
[WhiteFideId "13515110"]
[BlackFideId "4128125"]
[WhiteElo "2437"]
[BlackElo "2469"]
[Result "1/2-1/2"]
[Round "06"]
[TimeControl "180+1"]
[Date "2022.07.05"]
[WhiteClock "0:00:11"]
[BlackClock "0:00:17"]

1. d4 Nf6 2. c4 e6 3. Nf3 d5 4. g3 dxc4 5. Bg2 a6 6. O-O Nc6 7. e3 Bd7 8. Qe2 b5 9. b3 cxb3 10. axb3 Be7 11. Bb2 O-O 12. Rc1 Nb4 13. Ne5 Rb8 14. Nd2 Rb6 15. h4 Be8 16. Ba3 a5 17. Ne4 Nxe4 18. Bxe4 f6 19. Nd3 f5 20. Bg2 Bd6 21. Nc5 Qe7 22. Bb2 Nc6 23. Nxe6 Qxe6 24. d5 Qf7 25. dxc6 Qxb3 26. Rxa5 Bf7 27. Bd4 Rbb8 28. h5 h6 29. Bf3 Be6 30. Rd1 b4 31. Be5 Rbd8 32. Bxd6 Rxd6 33. Rxd6 cxd6 34. Qd2 d5 35. Bxd5 Bxd5 36. Qxd5+ Qxd5 37. Rxd5 Rc8 38. Rxf5 Rxc6 39. Rb5 Rc4 40. Kg2 Kf7 41. f4 Kf6 42. Kf3 Ke6 43. e4 Kd6 44. e5+ Kc6 45. Rb8 Kc7 46. Rb5 Kc6 47. Rb8 Kc7 48. Rb5 Kc6 1/2-1/2


[Site "https://www.chess.com"]

[Event "Titled Tuesday Blitz July 05 Early 2022"]
[White "Leiva, Gianmarco"]
[Black "Jubin Jimmy"]
[WhiteFideId "3804399"]
[BlackFideId "46686614"]
[WhiteElo "2323"]
[BlackElo "2219"]
[Result "1-0"]
[Round "06"]
[TimeControl "180+1"]
[Date "2022.07.05"]
[WhiteClock "0:00:54"]
[BlackClock "0:01:11"]

1. e4 c6 2. Nf3 d5 3. d3 g6 4. Nbd2 Bg7 5. e5 c5 6. c3 Nc6 7. d4 cxd4 8. cxd4 Qb6 9. Qb3 Nxd4 10. Nxd4 Qxd4 11. Bb5+ Kf8 12. Nf3 Qe4+ 13. Be3 Bg4 14. Bd3 Bxf3 15. Bxe4 Bxe4 16. f3 d4 17. Bxd4 Bc6 18. O-O-O Nh6 19. e6 Bxd4 20. Rxd4 Nf5 21. Rd3 f6 22. Rhd1 Kg7 23. Kb1 h5 24. Qb4 h4 25. Rd7 Rhe8 26. Rc7 Rac8 27. Rxc8 Rxc8 28. Rd7 Bxd7 29. exd7 Rb8 30. Qa5 b6 31. Qxa7 Rh8 32. Qc7 1-0


[Site "https://www.chess.com"]

[Event "Titled Tuesday Blitz July 05 Early 2022"]
[White "Livaic, Leon"]
[Black "Oparin, Grigoriy"]
[WhiteFideId "14531534"]
[BlackFideId "24125890"]
[WhiteElo "2540"]
[BlackElo "2639"]
[Result "0-1"]
[Round "06"]
[TimeControl "180+1"]
[Date "2022.07.05"]
[WhiteClock "0:00:03"]
[BlackClock "0:00:18"]

1. b3 Nf6 2. Bb2 g6 3. g3 Bg7 4. Bg2 O-O 5. Nf3 b6 6. c4 Bb7 7. O-O c5 8. Nc3 d5 9. Nxd5 Nxd5 10. Bxg7 Kxg7 11. cxd5 Qxd5 12. d4 Na6 13. dxc5 Nxc5 14. Qxd5 Bxd5 15. Rfd1 Rfd8 16. Ne5 Bxg2 17. Kxg2 Rac8 18. Rac1 Rxd1 19. Rxd1 f6 20. Nf3 Kf7 21. Rc1 Rd8 22. b4 Ne6 23. e3 Rd3 24. Ne1 Rd2 25. a3 Ra2 26. Nc2 Ng5 27. f3 Ke8 28. Kf2 Nf7 29. Ke2 Ne5 30. Kd2 Nc4+ 31. Kc3 Nxa3 32. Nd4 Rxh2 33. Kb3 e5 34. Ne6 Nb5 35. Kc4 Ke7 36. Kxb5 Kxe6 37. Rc7 Ra2 38. Rxh7 Ra3 39. e4 a5 40. bxa5 bxa5 41. Ra7 Rxf3 42. Ra6+ Kf7 43. Ra7+ Kf8 44. Kc5 Rxg3 45. Kd5 Rf3 46. Ke6 g5 47. Rxa5 Kg7 48. Ra7+ Kg6 49. Ra8 g4 50. Rh8 Kg5 51. Rg8+ Kh4 52. Rh8+ Kg3 0-1


[Site "https://www.chess.com"]